[Event "PolofMCR junior2016"]
[Site "?"]
[Date "2016.11.14"]
[Round "2.11"]
[White "Jelinek, Michal"]
[Black "Brejnik, Gustav"]
[Result "1-0"]
[ECO "B12"]
[WhiteElo "2162"]
[BlackElo "1998"]
[Annotator "Burda,Roman"]
[PlyCount "43"]
[EventDate "2016.??.??"]
[TimeControl "180"]

{460MB, Rybka4Gen.ctg, Roman-THINK} 1. e4 c6 2. d4 d5 3. e5
Bf5 4. h4 h5 5. c4 e6 6. Nc3 Ne7 7. Nge2 c5 8. dxc5 Nbc6 9. Ng3 Bg6 10. Bg5
dxc4 11. Qa4 Qd4 12. Be3 Qxe5 13. O-O-O Nf5 14. Nxf5 Qxf5 15. g4 hxg4 16. Bg2
Rc8 17. Be4 Qe5 18. Bxc6+ bxc6 19. Rhe1 Bxc5 20. Bg5 Qf5 21. Qxc6+ Rxc6 22.
Rd8# 1-0

[Event "PolofMCR junior2016"]
[Site "?"]
[Date "2016.11.14"]
[Round "2.20"]
[White "Polansky, Adam Lubos"]
[Black "Krutsky, Martin"]
[Result "0-1"]
[ECO "E70"]
[WhiteElo "1810"]
[BlackElo "2050"]
[Annotator "Burda,Roman"]
[PlyCount "90"]
[EventDate "2016.??.??"]
[TimeControl "180"]

{460MB, Rybka4Gen.ctg, Roman-THINK} 1. d4 Nf6 2. c4 g6 3. Nc3
Bg7 4. e4 d6 5. Bd3 O-O 6. Nge2 e5 7. d5 a5 8. O-O Nfd7 9. h3 Nc5 10. Bc2 Nbd7
11. Be3 Nb6 12. b3 f5 13. exf5 Bxf5 14. Bxf5 gxf5 15. f4 Nbd7 16. Qd2 Qe7 17.
Rad1 e4 18. Bd4 Nd3 19. Qe3 Rae8 20. Nb5 N7c5 21. Bxg7 Qxg7 22. Qg3 Rf7 23.
Qxg7+ Kxg7 24. Nbd4 h5 25. Nc1 Nxc1 26. Rxc1 Kf6 27. Rc2 Rg7 28. a3 Rg3 29. b4
Na6 30. Rb1 Rxa3 31. bxa5 Nc5 32. Nb5 Rxa5 33. Nxc7 Rg8 34. Nb5 Ra6 35. Nd4 Ra3
36. Kh2 Rd3 37. Ne2 Ra8 38. Rb6 Ra6 39. Rcb2 h4 40. Rxa6 bxa6 41. Rc2 a5 42. g3
hxg3+ 43. Nxg3 a4 44. Ne2 e3 45. Kg2 Rd2 0-1

[Event "PolofMCR junior2016"]
[Site "?"]
[Date "2016.11.14"]
[Round "2.22"]
[White "Sucharda, David"]
[Black "Sajdl, Jan"]
[Result "1/2-1/2"]
[ECO "D36"]
[WhiteElo "2006"]
[BlackElo "1687"]
[Annotator "Burda,Roman"]
[PlyCount "53"]
[EventDate "2016.??.??"]
[TimeControl "180"]

{460MB, Rybka4Gen.ctg, Roman-THINK} 1. d4 Nf6 2. Nf3 d5 3. c4
e6 4. Bg5 Be7 5. Nc3 Nbd7 6. cxd5 exd5 7. e3 c6 8. Bd3 O-O 9. Qc2 Re8 10. Nd2
h6 11. Bh4 Qb6 12. O-O Nf8 13. Rab1 Bg4 14. b4 Rac8 15. Rfc1 a6 16. Qb3 Qd8 17.
h3 Bh5 18. Na4 b5 19. Nc5 Bxc5 20. Rxc5 N8d7 21. Rc2 Bg6 22. Rbc1 Bxd3 23. Qxd3
Re6 24. Nb3 Qe8 25. a4 Ne4 26. axb5 axb5 27. Qxb5 1/2-1/2

[Event "PolofMCR junior2016"]
[Site "?"]
[Date "2016.11.14"]
[Round "2.4"]
[White "Kanak, Filip"]
[Black "Hurdzan, Tomas"]
[Result "0-1"]
[ECO "B96"]
[WhiteElo "1980"]
[BlackElo "2196"]
[Annotator "Burda,Roman"]
[PlyCount "104"]
[EventDate "2016.??.??"]
[TimeControl "180"]

{460MB, Rybka4Gen.ctg, Roman-THINK} 1. e4 c5 2. Nf3 d6 3. d4
cxd4 4. Nxd4 Nf6 5. Nc3 a6 6. Bg5 e6 7. f4 h6 8. Bxf6 Qxf6 9. Qd2 g5 10. g3
gxf4 11. gxf4 Qh4+ 12. Qf2 Qxf2+ 13. Kxf2 Bd7 14. Rg1 Nc6 15. Rd1 Rc8 16. Ke3
Nxd4 17. Kxd4 d5 18. Rg3 dxe4 19. Kxe4 Bc5 20. Kd3 Bc6 21. Bg2 Ke7 22. Bxc6
Rxc6 23. Ne4 Bb6 24. c3 Rd8+ 25. Ke2 Rxd1 26. Kxd1 Rc4 27. Nd2 Rxf4 28. Rh3 Rf6
29. Nc4 Bc7 30. Ke2 Rg6 31. Ne3 f5 32. Kf3 Kf6 33. Rh4 Kg5 34. Rb4 b5 35. a4
Bd6 36. Rb3 bxa4 37. Rb6 Bxh2 38. Rxa6 e5 39. Rxa4 e4+ 40. Kf2 Be5 41. Ra5 Re6
42. b4 h5 43. c4 f4 44. Nd5 Kg4 45. Ra8 Bd4+ 46. Ke1 Kf3 47. Rf8 Be5 48. b5 Rg6
49. b6 e3 50. Nxe3 Kxe3 51. Kf1 Rxb6 52. Re8 Rb1+ 0-1

[Event "PolofMCR junior2016"]
[Site "?"]
[Date "2016.11.14"]
[Round "2.12"]
[White "Novotny, Martin"]
[Black "Stepan, Patrik"]
[Result "0-1"]
[ECO "E05"]
[WhiteElo "1851"]
[BlackElo "2114"]
[Annotator "Burda,Roman"]
[PlyCount "124"]
[EventDate "2016.??.??"]
[TimeControl "180"]

{460MB, Rybka4Gen.ctg, Roman-THINK} 1. d4 Nf6 2. c4 e6 3. g3
d5 4. Nf3 Be7 5. Bg2 O-O 6. O-O dxc4 7. Qc2 a6 8. Qxc4 b5 9. Qc2 Bb7 10. Bd2
Nbd7 11. Ba5 Rc8 12. Nbd2 Qe8 13. b4 Nb8 14. Ne5 Bxg2 15. Kxg2 Nd5 16. Qb3 Bd6
17. Ndf3 Nc6 18. Nxc6 Qxc6 19. Rac1 Qb7 20. Kg1 Nb6 21. Bxb6 cxb6 22. Nd2 Rc7
23. Qb2 Rfc8 24. a3 a5 25. Rxc7 Rxc7 26. bxa5 bxa5 27. Rb1 b4 28. axb4 Bxb4 29.
Nb3 Qc8 30. Qa2 Rc2 31. Rb2 Rxb2 32. Qxb2 Qc3 33. Qxc3 Bxc3 34. e3 a4 35. Nc1
g5 36. g4 h5 37. h3 f5 38. gxf5 exf5 39. Kg2 Kf7 40. Kf3 Ke6 41. Na2 Ba5 42. e4
Bb6 43. Ke3 f4+ 44. Kd3 g4 45. hxg4 hxg4 46. Nc1 a3 47. Na2 g3 48. fxg3 fxg3
49. Ke3 Bxd4+ 50. Kf3 Be5 51. Kg2 Kd6 52. Kf3 Kc5 53. Nc1 Kc4 54. Na2 Kb3 55.
Nc1+ Kc2 56. Na2 Kb2 57. Nb4 a2 58. Nd3+ Kb1 59. Nxe5 a1=Q 60. Ng4 Qc3+ 61. Kg2
Qc2+ 62. Kxg3 Qxe4 0-1

[Event "PolofMCR junior2016"]
[Site "?"]
[Date "2016.11.14"]
[Round "2.15"]
[White "Simet, Martin"]
[Black "Kuchar, Matej"]
[Result "1/2-1/2"]
[ECO "A45"]
[WhiteElo "2081"]
[BlackElo "1905"]
[Annotator "Burda,Roman"]
[PlyCount "93"]
[EventDate "2016.??.??"]
[TimeControl "180"]

{460MB, Rybka4Gen.ctg, Roman-THINK} 1. d4 Nf6 2. Bg5 g6 3.
Bxf6 exf6 4. e3 Bg7 5. h4 h5 6. Bd3 d6 7. Ne2 Bg4 8. c3 Nc6 9. Nd2 Bxe2 10.
Qxe2 Qd7 11. b4 f5 12. g3 O-O 13. O-O Rfe8 14. Rfe1 d5 15. Qf3 Qd6 16. Rab1 Nb8
17. c4 c6 18. cxd5 cxd5 19. Rec1 Nd7 20. Bb5 Bf8 21. Nb3 Re7 22. Bxd7 Rxd7 23.
Nc5 Rc7 24. Nd3 Rac8 25. Rxc7 Rxc7 26. Nf4 Rd7 27. a3 Bh6 28. Nd3 Rc7 29. Rc1
Rc4 30. Kg2 b6 31. Qe2 Bf8 32. Rd1 a5 33. Ne5 Rc3 34. Qb2 axb4 35. axb4 Qxb4
36. Qxb4 Bxb4 37. Rb1 Ba5 38. Rb5 Rc2 39. Rxd5 Be1 40. Nd3 Bd2 41. Kf3 Ba5 42.
Ne5 Be1 43. Nd3 Ba5 44. Rb5 Rc3 45. Ne5 Rc2 46. Rb1 Kg7 47. Rb5 1/2-1/2

[Event "PolofMCR junior2016"]
[Site "?"]
[Date "2016.11.14"]
[Round "2.18"]
[White "Vystrcil, Martin"]
[Black "Kovarik, Matyas"]
[Result "1/2-1/2"]
[ECO "C07"]
[WhiteElo "2072"]
[BlackElo "1853"]
[Annotator "Burda,Roman"]
[PlyCount "77"]
[EventDate "2016.??.??"]
[TimeControl "180"]

{460MB, Rybka4Gen.ctg, Roman-THINK} 1. e4 e6 2. d4 d5 3. Nd2
c5 4. Ngf3 Nc6 5. c3 cxd4 6. cxd4 dxe4 7. Nxe4 Bb4+ 8. Bd2 Bxd2+ 9. Qxd2 Nf6
10. Nc3 O-O 11. Bc4 Ne7 12. O-O b6 13. Rfd1 Bb7 14. Ne5 Rc8 15. Rac1 Ned5 16.
Nxd5 Nxd5 17. Ng4 Qd6 18. f3 Qb4 19. Qxb4 Nxb4 20. Ne3 Rfd8 21. a3 Nd5 22. Nxd5
exd5 23. Bb3 f6 24. Kf2 Kf7 25. Re1 Re8 26. Rxe8 Rxc1 27. Rb8 Ba6 28. Bxd5+ Kg6
29. Kg3 Rd1 30. Rd8 Kh6 31. Be4 Rd2 32. Rd7 Bf1 33. f4 a5 34. b4 axb4 35. axb4
Rb2 36. d5 Rxb4 37. Bf3 Rd4 38. Rb7 b5 39. Rb6 1/2-1/2

[Event "PolofMCR junior2016"]
[Site "?"]
[Date "2016.11.14"]
[Round "2.19"]
[White "Nosek, Jan"]
[Black "Hons, Tomas"]
[Result "1-0"]
[ECO "B47"]
[WhiteElo "1885"]
[BlackElo "2065"]
[Annotator "Burda,Roman"]
[PlyCount "61"]
[EventDate "2016.??.??"]
[TimeControl "180"]

{460MB, Rybka4Gen.ctg, Roman-THINK} 1. e4 c5 2. Nf3 e6 3. d4
cxd4 4. Nxd4 Nc6 5. Nc3 Qc7 6. g3 a6 7. Bg2 d6 8. O-O Bd7 9. Re1 Be7 10. Nxc6
Bxc6 11. Qg4 h5 12. Qe2 h4 13. a4 hxg3 14. hxg3 Nf6 15. a5 Rc8 16. Be3 Nd7 17.
Bd4 Kf8 18. b4 Bf6 19. Bxf6 Nxf6 20. b5 Bd7 21. Ra3 Qc5 22. Rb3 axb5 23. Nxb5
Rh5 24. c4 Re5 25. Qd3 d5 26. cxd5 Nxd5 27. Rd1 Nf6 28. Nd6 Rb8 29. Rxb7 Rxb7
30. Nxb7 Bb5 31. Qd8+ 1-0

[Event "PolofMCR junior2016"]
[Site "?"]
[Date "2016.11.14"]
[Round "2.17"]
[White "Horak, Martin"]
[Black "Ludvik, Tomas"]
[Result "1-0"]
[ECO "D36"]
[WhiteElo "2159"]
[BlackElo "1955"]
[Annotator "Burda,Roman"]
[PlyCount "63"]
[EventDate "2016.??.??"]
[TimeControl "180"]

{460MB, Rybka4Gen.ctg, Roman-THINK} 1. d4 Nf6 2. c4 e6 3. Nf3
d5 4. Nc3 Nbd7 5. Bg5 Be7 6. e3 O-O 7. Qc2 c6 8. cxd5 exd5 9. Bd3 Re8 10. O-O-O
Nf8 11. Ne5 N6d7 12. Nxd7 Bxd7 13. Bf4 Rc8 14. Kb1 b5 15. h4 Qa5 16. Rc1 Be6
17. Qb3 a6 18. g4 c5 19. dxc5 Rxc5 20. Bf5 Rec8 21. Be5 Rc4 22. Bd4 Nd7 23.
Rcd1 Nc5 24. Bxc5 R8xc5 25. Ne2 Bf6 26. Nd4 Rb4 27. Qd3 Rcc4 28. a3 Bxf5 29.
gxf5 Ra4 30. Nb3 Qb6 31. Qxd5 Rxh4 32. Qa8+ 1-0

[Event "PolofMCR junior2016"]
[Site "?"]
[Date "2016.11.14"]
[Round "2.13"]
[White "Parizek, Vojtech"]
[Black "Paulus, Vaclav"]
[Result "1-0"]
[ECO "B76"]
[WhiteElo "2110"]
[BlackElo "1822"]
[Annotator "Burda,Roman"]
[PlyCount "93"]
[EventDate "2016.??.??"]
[TimeControl "180"]

{460MB, Rybka4Gen.ctg, Roman-THINK} 1. e4 c5 2. Nf3 d6 3. d4
cxd4 4. Nxd4 Nf6 5. Nc3 g6 6. Be3 Bg7 7. f3 O-O 8. Qd2 Nc6 9. O-O-O Bd7 10. g4
a6 11. h4 b5 12. h5 b4 13. Nd5 Nxd5 14. exd5 Nxd4 15. Bxd4 Bxd4 16. Qxd4 Qa5
17. hxg6 fxg6 18. Bd3 Qc5 19. Bxg6 Qxd4 20. Bxh7+ Kg7 21. Rxd4 Rh8 22. Re1 Rxh7
23. Rxe7+ Kg8 24. Rxh7 Kxh7 25. Rxb4 Rd8 26. Kd2 Kg6 27. Rb6 Bc8 28. a4 Kf6 29.
Ke3 Ke5 30. c4 Rd7 31. f4+ Kf6 32. c5 Ke7 33. c6 Rd8 34. f5 Rh8 35. Kf4 Rg8 36.
g5 Rh8 37. Rb8 Rf8 38. f6+ Kf7 39. b4 Rh8 40. Rxc8 Rxc8 41. b5 axb5 42. axb5
Ra8 43. b6 Ra4+ 44. Kf5 Rd4 45. g6+ Ke8 46. Ke6 Kd8 47. g7 1-0

[Event "PolofMCR junior2016"]
[Site "?"]
[Date "2016.11.14"]
[Round "2.8"]
[White "Bulockin, Martin"]
[Black "Havelka, Josef"]
[Result "1-0"]
[ECO "B45"]
[WhiteElo "1977"]
[BlackElo "2325"]
[Annotator "Burda,Roman"]
[PlyCount "83"]
[EventDate "2016.??.??"]
[TimeControl "180"]

{460MB, Rybka4Gen.ctg, Roman-THINK} 1. e4 c5 2. Nf3 Nc6 3. d4
cxd4 4. Nxd4 Nf6 5. Nc3 e6 6. Ndb5 Bb4 7. a3 Bxc3+ 8. Nxc3 d5 9. exd5 exd5 10.
Bd3 O-O 11. O-O d4 12. Ne4 Bf5 13. Bg5 Bxe4 14. Bxe4 Qd6 15. Bxf6 Qxf6 16. Qd3
g6 17. Rad1 Rfd8 18. f4 Rd6 19. Rde1 Rc8 20. Qh3 Rcd8 21. Bd3 Ne7 22. f5 Qg5
23. fxg6 hxg6 24. Qf3 Rf8 25. Qxb7 Re6 26. Qf3 Rb6 27. Qe4 Nf5 28. Qd5 Rd6 29.
Qa5 Re6 30. Bxf5 gxf5 31. Rf3 Rg6 32. Rg3 Qh4 33. Qxf5 Rxg3 34. hxg3 Qh7 35.
Qg5+ Qg7 36. Qh4 Rc8 37. Re4 Kf8 38. Qe7+ Kg8 39. Qd7 Qf8 40. Rg4+ Kh7 41. Qf5+
Kh6 42. Qf6+ 1-0